 Dungeon Crawl Stone Soup version 0.17.1-2-g5865329 (webtiles) character file.

132967 hannobal the Eclecticist (level 16, 0/88 HPs)
             Began as a Deep Elf Wizard on Jan 2, 2016.
             Was a High Priest of Vehumet.
             Engulfed by a cloud of freezing vapour (11 damage)
             ... on level 2 of the Snake Pit on Jan 23, 2016.
             The game lasted 04:43:21 (47985 turns).

hannobal the Eclecticist (Deep Elf Wizard)         Turns: 47985, Time: 04:43:21

Health: 0/88       AC: 19    Str:  9    XL:     16   Next: 58%
Magic:  31/49      EV: 15    Int: 27    God:    Vehumet [*****.]
Gold:   247        SH:  0    Dex: 15    Spells: 13 memorised, 3 levels left

rFire  . . .     SeeInvis +     a - +2 long sword (protect)
rCold  . . .     Clarity  .     j - +2 leather armour {rPois}
rNeg   + . .     SustAt   .     (no shield)
rPois  +         Gourm    +     v - +1 helmet
rElec  .         Spirit   .     z - +2 cloak
rCorr  .         Warding  .     u - +2 pair of gloves {Str+3}
rMut   .         Stasis   .     x - +0 pair of boots of Tepp {rN+ Int-2 Dex+2}
MR     +....                    W - amulet of the gourmand
Stlth  ++........               h - ring of magical power
                                T - ring of see invisible

@: repel missiles, somewhat resistant to hostile enchantments, unstealthy
A: no striking features
a: Renounce Religion


You were on level 2 of the Snake Pit.
You worshipped Vehumet.
Vehumet was extremely pleased with you.
You were not hungry.

You visited 5 branches of the dungeon, and saw 30 of its levels.
You also visited: Ice Cave and Volcano.

You collected 3458 gold pieces.
You spent 3211 gold pieces at shops.

Inventory:

Hand Weapons
 a - a +2 long sword of protection (weapon)
 b - the +12 long sword of Summer {holy, rElec rC+}
   (You found it on level 7 of the Dungeon)

   It has been blessed by the Shining One to cause great damage to the undead
   and demons.
   It protects you from cold.
   It insulates you from electricity.
 d - the +7 dagger "Gothruss" {flame, rPois Str+2}
   (You found it on level 7 of the Lair of Beasts)

   It has been specially enchanted to burn those struck by it, causing extra
   injury to most foes and up to half again as much damage against particularly
   susceptible opponents.
   It affects your strength (+2).
   It protects you from poison.
 q - a +0 rapier of electrocution
 y - a +1 lajatang of speed
Armour
 g - a +2 robe of fire resistance
 j - a +2 leather armour of poison resistance (worn)
 p - the +4 skin of Zhor {rC+++}
   (You found it on level 5 of the Dungeon)

   It renders you almost immune to cold.
 u - a +2 pair of gloves of strength (worn)
 v - a +1 helmet (worn)
 x - the +0 pair of boots of Tepp (worn) {rN+ Int-2 Dex+2}
   (You found it on level 4 of the Dungeon)

   It affects your intelligence (-2).
   It affects your dexterity (+2).
   It protects you from negative energy.
 z - a +2 cloak (worn)
Magical Staves
 w - an uncursed staff of air
Jewellery
 h - a ring of magical power (right hand)
 k - an uncursed amulet of stasis
 m - the amulet of the Four Winds {Clar rN+ MR+++}
   (You bought it in a shop on level 4 of the Orcish Mines)

   [amulet of clarity]

   It provides mental clarity.
   It protects you from negative energy.
   It affects your resistance to hostile enchantments.
 n - an uncursed ring of flight
 o - an uncursed ring of fire
 J - an uncursed ring of invisibility
 T - a ring of see invisible (left hand)
 W - an amulet of the gourmand (around neck)
Wands
 C - a wand of hasting (2)
Scrolls
 e - 5 scrolls of teleportation
 i - 8 scrolls of identify
 l - 6 scrolls of blinking
 r - 5 scrolls of remove curse
 N - 2 scrolls of fear
 S - 2 scrolls of recharging
 V - a scroll of brand weapon
 X - 3 scrolls of fog
Potions
 f - a potion of berserk rage
 s - 11 potions of heal wounds
 A - a potion of flight
 D - 6 potions of curing
 F - 2 potions of brilliance
 I - 2 potions of resistance
 K - 2 potions of agility
 L - a potion of cancellation
 Q - a potion of magic
Miscellaneous
 E - a fan of gales
Comestibles
 c - 21 fruits
 t - 2 chunks of flesh
 B - 19 beef jerkies
 H - 9 meat rations
 M - 15 royal jellies
 O - 8 bread rations


   Skills:
 - Level 6.0 Fighting
 + Level 13.6 Long Blades
 - Level 1.5 Staves
 - Level 1.2 Throwing
 - Level 13.1 Dodging
 - Level 4.0 Stealth
 - Level 18.0 Spellcasting
 - Level 13.0 Conjurations
 - Level 3.3 Charms
   Level 1.1 Summonings
 - Level 2.6 Necromancy
 - Level 2.3 Translocations
 - Level 5.0 Fire Magic
 - Level 8.0 Ice Magic
 - Level 5.0 Air Magic
 - Level 2.0 Poison Magic
 - Level 4.2 Evocations


You had 3 spell levels left.
You knew the following spells:

 Your Spells              Type           Power        Failure   Level  Hunger
a - Airstrike             Air            ######....   1%          4    None
b - Blink                 Tloc           N/A          1%          2    None
c - Conjure Flame         Conj/Fire      ######..     1%          3    None
d - Sticky Flame          Conj/Fire      ######..     1%          4    None
e - Animate Skeleton      Necr           N/A          1%          1    None
f - Fireball              Conj/Fire      ######....   1%          5    None
g - Apportation           Tloc           #####.....   1%          1    None
h - Freezing Cloud        Conj/Ice/Air   ######....   4%          6    ###....
i - Magic Dart            Conj           ####         0%          1    None
j - Bolt of Cold          Conj/Ice       ######....   1%          6    ###....
o - Orb of Destruction    Conj           #######...   3%          7    #####..
p - Poison Arrow          Conj/Pois      ######....   5%          6    ###....
r - Repel Missiles        Chrm/Air       #####.       1%          2    None


Dungeon Overview and Level Annotations

Branches:
Dungeon (15/15)            Temple (1/1) D:6            Lair (8/8) D:9
 Shoals (0/4) Lair:5        Snake (2/4) Lair:5        Slime (0/6) Lair:8
    Orc (4/4) D:9             Elf (0/3) Orc:3        Vaults (0/5) D:14
 Depths (0/5) D:15

Altars:
Ashenzari
Cheibriados
Dithmenos
Elyvilon
Fedhas
Gozag
Kikubaaqudgha
Makhleb
Nemelex Xobeh
Okawaru
Qazlal
Ru
Sif Muna
Trog
Vehumet
Xom
Yredelemnul
Zin
The Shining One
Beogh
Jiyva

Shops:
D:4 [   D:7 !   Orc:1 *?*=:   Orc:4 (*=[

Annotations:
D:5 exclusion: steam dragon
Lair:3 !, Rupert
Lair:4 exclusion: downstairs
Lair:6 exclusion: oklob plant
Lair:8 1 runed door, exclusion: door
Orc:3 exclusion: upstairs
Orc:4 exclusion: skeleton


Message History

Confirm with . or Enter, or press ? or * to list all spells.
Aiming: Orb of Destruction
Press: ? - help, Shift-Dir - straight line, f - anaconda
Aim: an anaconda (freezing vapour, severely wounded, constricting you, slow)
The wavering orb of destruction weakly hits the anaconda.
You blow up the anaconda!
Vehumet accepts your kill.
You feel your power returning.
The mana viper hisses angrily.
You are engulfed in freezing vapours.
* * * LOW HITPOINT WARNING * * *
The black mamba is engulfed in freezing vapours.
The black mamba seems to slow down.
The black mamba is engulfed in freezing vapours.
The mana viper is engulfed in freezing vapours.
The mana viper seems to slow down.
The mana viper bites you but does no damage.
An anaconda comes into view.
You are engulfed in freezing vapours.
You die...

. .S#
..(S##
#.N§§###
#§§§.##
#§S@.#
#§.§S§#
#..§§§§#
##.§§§..#
##......#
##.....#
##.....
......


You could see an anaconda (wandering), a naga ritualist, 2 mana vipers and a
black mamba.

Vanquished Creatures
  Nikola (Snake:1)
  Agnes (Snake:1)
  Kirke (D:15)
  Maud (Lair:7)
  Aizul (Snake:1)
  Louise (D:15)
  An orc warlord (Orc:4)
  An ettin (Orc:4)
  A vault guard (D:14)
  A fire dragon (Lair:8)
  7 hydras
  A naga warrior (Snake:1)
  A rakshasa (D:15)
  5 centaur warriors
  3 anacondas
  An anaconda (shapeshifter) (D:15)
  2 death yaks
  Urug (Lair:2)
  4 orc high priests
  Nergalle (D:10)
  2 ice devils (IceCv)
  A fire crab (Lair:7)
  A giant orange brain (D:15)
  2 necromancers
  2 lindwurms (Lair:8)
  A naga ritualist (Snake:1)
  A wolf spider zombie (D:14)
  2 manticores
  2 hill giants
  3 mana vipers (Snake:1)
  8 ugly things
  3 orc sorcerers (Orc:4)
  3 orc knights (Orc:4)
  4 cyclopes
  4 elephants (Lair:2)
  A spiny frog (shapeshifter) (D:13)
  2 naga magi (Snake:1)
  A griffon (Lair:5)
  2 salamanders (Snake:1)
  Joseph (Lair:1)
  2 molten gargoyles (Volcano)
  14 black mambas
  2 ice statues (IceCv)
  6 torpor snails
  A gargoyle (D:10)
  18 spiny frogs
  A centaur skeleton (D:14)
  2 yaktaurs (Volcano)
  10 komodo dragons
  3 efreet
  A queen bee (Lair:2)
  5 trolls
  6 fire drakes
  6 polar bears (Lair:8)
  8 blue devils (IceCv)
  11 blink frogs
  3 giant leeches (Lair:8)
  2 boulder beetles
  4 slime creatures
  2 raiju (Lair:8)
  2 wyverns
  45 yaks
  2 redbacks (shapeshifter) (D:15)
  A vampire (D:13)
  A wraith (D:13)
  A shadow (D:14)
  A water elemental (D:12)
  11 hippogriffs
  4 deep elf magi
  A fire bat (Volcano)
  17 wolves
  2 basilisks
  4 hogs (D:15)
  A mottled dragon (D:14)
  16 porcupines
  12 water moccasins
  10 wargs
  3 hell hounds (Lair:8)
  12 nagas
  A trapdoor spider simulacrum (D:14)
  An eye of draining (D:15)
  3 wasps (Lair:8)
  A necrophage (D:12)
  29 orc warriors
  4 sky beasts
  11 black bears
  11 centaurs
  4 ice beasts
  A boggart (shapeshifter) (D:15)
  17 crocodiles
  13 ogres
  A big kobold (D:8)
  8 brain worms
  2 gnoll sergeants
  2 wyvern zombies
  39 killer bees
  18 giant frogs
  A water moccasin skeleton (D:5)
  2 wyvern skeletons
  3 scorpions
  23 wights
  A wasp zombie (D:9)
  A lava snake (Volcano)
  3 crimson imps
  2 draconian simulacra (IceCv)
  A giant frog zombie (D:13)
  16 orc priests
  5 centaur zombies
  9 iguanas
  3 jellies
  29 orc wizards
  A quasit (D:9)
  16 hounds
  4 giant frog skeletons
  8 worker ants
  5 sheep (Lair:5)
  2 polar bear simulacra (Lair:4)
  3 wolf simulacra (Lair:4)
  2 yak simulacra (Lair:4)
  2 centaur simulacra (IceCv)
  2 hound skeletons
  Robin (D:1)
  12 gnolls
  51 river rats
  12 adders
  4 naga simulacra (IceCv)
  2 ogre simulacra (IceCv)
  A shadow imp (D:12)
  An ooze (D:2)
  3 adder skeletons
  18 worms
  7 giant geckos
  167 orcs
  12 bats
  14 goblins
  7 hobgoblins
  15 jackals
  13 kobolds
  11 quokkas
  3 ball pythons
  A ball python skeleton (D:5)
  4 giant cockroaches
  A giant gecko skeleton (D:6)
  A giant gecko zombie (D:9)
  5 giant newts
  A quokka skeleton (D:8)
  8 rats
  4 river rat simulacra (Lair:4)
  15 fungi
  4 plants
1043 creatures vanquished.

Vanquished Creatures (collateral kills)
  A hydra (Lair:8)
  2 death yaks (Lair:7)
  A two-headed ogre (D:13)
  2 polar bears (Lair:8)
  A boulder beetle (Lair:7)
  A yak (Lair:8)
  2 wargs (Lair:8)
  2 wolves (Lair:8)
  A hell hound (Lair:8)
  2 water moccasins (Lair:7)
  A sky beast (D:13)
  3 black bears (Lair:8)
  A crocodile (Lair:7)
  2 giant frogs (Lair:7)
  A killer bee (Lair:2)
  A hound (Lair:8)
  An orc wizard (D:10)
  A river rat (Lair:5)
  2 orcs
  A plant (Lair:8)
29 creatures vanquished.

Vanquished Creatures (others)
  A centaur skeleton (D:15)
  A human (D:15)
  A deep elf mage (D:15)
  A hound (Lair:8)
  A bush (Lair:2)
  30 fungi
  27 plants
62 creatures vanquished.

Grand Total: 1134 creatures vanquished

Notes
Turn   | Place    | Note
--------------------------------------------------------------
     0 | D:1      | hannobal the Deep Elf Wizard began the quest for the Orb.
     0 | D:1      | Reached XP level 1. HP: 10/10 MP: 7/7
   197 | D:1      | Reached XP level 2. HP: 12/15 MP: 0/9
   201 | D:1      | Learned a level 2 spell: Blink
   204 | D:1      | Learned a level 2 spell: Repel Missiles
   471 | D:1      | Reached skill level 1 in Air Magic
   965 | D:2      | Reached XP level 3. HP: 19/19 MP: 2/10
  1052 | D:2      | Reached skill level 1 in Charms
  1191 | D:2      | Noticed Robin
  1541 | D:2      | Learned a level 3 spell: Mephitic Cloud
  1719 | D:1      | Killed Robin
  1719 | D:1      | Reached skill level 1 in Poison Magic
  1719 | D:1      | Reached XP level 4. HP: 15/24 MP: 1/12
  2314 | D:3      | Found a white marble altar of Elyvilon.
  2470 | D:3      | Learned a level 3 spell: Conjure Flame
  2579 | D:3      | Reached skill level 5 in Spellcasting
  2838 | D:4      | Found Nasapn's Armour Boutique.
  2842 | D:4      | Reached skill level 1 in Fire Magic
  2845 | D:4      | Bought a +1 pair of gloves of strength for 181 gold pieces
  2967 | D:4      | Got a pair of heavily runed boots
  2968 | D:4      | Identified the +0 pair of boots of Tepp {rN+ Int-2 Dex+2} (You found it on level 4 of the Dungeon)
  3126 | D:4      | Reached XP level 5. HP: 28/28 MP: 5/14
  3449 | D:4      | Reached skill level 1 in Fighting
  3477 | D:4      | Got an iridescent mace
  3478 | D:4      | Identified the +4 mace of Denod {crush, rPois Stlth+} (You found it on level 4 of the Dungeon)
  3594 | D:4      | Found a bloodstained altar of Trog.
  3594 | D:4      | Found an iron altar of Okawaru.
  3706 | D:5      | Entered Level 5 of the Dungeon
  3726 | D:5      | Reached skill level 1 in Evocations
  3942 | D:5      | Reached XP level 6. HP: 25/34 MP: 7/15
  4714 | D:5      | Noticed an ogre
  4731 | D:5      | Killed an ogre
  4986 | D:5      | Noticed a steam dragon
  5129 | D:6      | Reached XP level 7. HP: 38/38 MP: 7/16
  5256 | D:6      | Found a staircase to the Ecumenical Temple.
  5264 | Temple   | Entered the Ecumenical Temple
  5411 | Temple   | Became a worshipper of Vehumet
  5925 | D:6      | Reached skill level 6 in Spellcasting
  6289 | D:6      | Found a shadowy altar of Dithmenos.
  6932 | D:6      | Reached skill level 7 in Spellcasting
  7185 | D:7      | Found Wegisun's Distillery.
  7487 | D:7      | Reached skill level 8 in Spellcasting
  7487 | D:7      | Reached XP level 8. HP: 43/43 MP: 5/22
  7492 | D:7      | Reached * piety under Vehumet
  7492 | D:7      | Offered knowledge of Sandblast by Vehumet.
  7668 | D:7      | Lost strength.
  7910 | D:7      | Reached skill level 9 in Spellcasting
  8153 | D:7      | Got a polished long sword
  8154 | D:7      | Identified the +12 long sword of Summer {holy, rElec rC+} (You found it on level 7 of the Dungeon)
  8201 | D:7      | Reached skill level 1 in Long Blades
  8763 | D:8      | Reached skill level 10 in Spellcasting
  8976 | D:7      | Reached skill level 11 in Spellcasting
  9230 | D:8      | Reached XP level 9. HP: 40/47 MP: 12/26
  9290 | D:8      | Reached skill level 5 in Conjurations
  9403 | D:8      | Found a blossoming altar of Fedhas.
  9403 | D:8      | Found a burning altar of Makhleb.
  9405 | D:8      | Found a shimmering altar of Xom.
  9443 | D:8      | Found a deep blue altar of Sif Muna.
  9547 | D:8      | Offered knowledge of Searing Ray by Vehumet.
  9553 | D:8      | Learned a level 2 spell: Searing Ray
  9699 | D:8      | Reached ** piety under Vehumet
  9740 | D:8      | Learned a level 1 spell: Animate Skeleton
 10040 | D:9      | Found a staircase to the Orcish Mines.
 10440 | D:9      | Found a blossoming altar of Fedhas.
 10561 | D:9      | Reached skill level 12 in Spellcasting
 10808 | D:9      | Reached skill level 5 in Dodging
 10968 | D:9      | Found a staircase to the Lair.
 11002 | D:9      | Offered knowledge of Throw Flame by Vehumet.
 11006 | D:9      | Learned a level 2 spell: Throw Flame
 11125 | D:9      | Reached XP level 10. HP: 52/52 MP: 22/28
 11483 | D:9      | Upgraded the game from 0.17.1-1-g73c8601 to 0.17.1-2-g5865329
 11691 | D:9      | Reached *** piety under Vehumet
 12499 | Lair:1   | Entered Level 1 of the Lair of Beasts
 12963 | Lair:1   | Offered knowledge of Throw Icicle by Vehumet.
 12969 | Lair:1   | Learned a level 4 spell: Throw Icicle
 13067 | Lair:1   | Reached skill level 1 in Ice Magic
 13093 | Lair:1   | Noticed Joseph
 13124 | Lair:1   | Found a basalt altar of Yredelemnul.
 13471 | Lair:1   | Killed Joseph
 13471 | Lair:1   | Reached skill level 10 in Conjurations
 13772 | Lair:1   | Reached XP level 11. HP: 54/56 MP: 17/29
 14234 | Lair:1   | Got a bloodstained falchion
 14235 | Lair:1   | Identified the +9 falchion "Yczagat" {pain, Dex+3} (You found it on level 1 of the Lair of Beasts)
 14461 | Lair:2   | Noticed Urug
 14539 | Lair:2   | Found a frozen archway.
 14546 | IceCv    | Entered an ice cave
 15144 | IceCv    | Noticed an ice devil
 15147 | IceCv    | Noticed an ice devil
 15386 | IceCv    | Reached skill level 5 in Long Blades
 15766 | IceCv    | Killed an ice devil
 15919 | IceCv    | Learned a level 1 spell: Apportation
 15957 | IceCv    | Killed an ice devil
 16286 | IceCv    | Reached **** piety under Vehumet
 16360 | IceCv    | Noticed a necromancer
 16368 | IceCv    | Learned a level 5 spell: Fireball
 16372 | IceCv    | Killed a necromancer
 16372 | IceCv    | Reached skill level 13 in Spellcasting
 16446 | IceCv    | Got a garnet-encrusted chain mail
 16481 | IceCv    | Identified the +5 chain mail of the Lost Spirits {rPois rC- rN+++ Regen+} (You found it in an ice cave)
 16805 | Lair:2   | Offered knowledge of Inner Flame by Vehumet.
 17810 | Lair:2   | Killed Urug
 17810 | Lair:2   | Reached XP level 12. HP: 42/62 MP: 9/31
 17970 | Lair:2   | Reached skill level 14 in Spellcasting
 18591 | Lair:2   | Reached ***** piety under Vehumet
 18752 | Lair:2   | Offered knowledge of Force Lance by Vehumet.
 19398 | Lair:2   | Noticed a seven-headed hydra
 19405 | Lair:2   | Killed a seven-headed hydra
 19405 | Lair:2   | Reached skill level 10 in Dodging
 20121 | Lair:3   | Noticed Rupert
 20495 | Lair:4   | Identified a scroll of acquirement
 20929 | Lair:4   | Reached skill level 15 in Spellcasting
 21427 | Lair:5   | Noticed a seven-headed hydra
 21709 | Lair:5   | Killed a seven-headed hydra
 22310 | Lair:5   | Found a staircase to the Shoals.
 22341 | Lair:5   | Reached skill level 1 in Throwing
 22507 | Lair:5   | Found a staircase to the Snake Pit.
 22541 | Lair:5   | Reached XP level 13. HP: 53/70 MP: 34/34
 23359 | Lair:6   | Offered knowledge of Airstrike by Vehumet.
 23371 | Lair:6   | Learned a level 4 spell: Airstrike
 23682 | Lair:4   | Noticed a six-headed hydra
 23684 | Lair:4   | Killed a six-headed hydra
 23802 | D:7      | Bought a potion of curing for 42 gold pieces
 23802 | D:7      | Bought a potion of curing for 42 gold pieces
 23802 | D:7      | Bought a potion of experience for 700 gold pieces
 23802 | D:7      | Reached skill level 17 in Spellcasting
 23802 | D:7      | Reached XP level 14. HP: 76/76 MP: 34/37
 24242 | Lair:7   | Got an ancient dagger
 24243 | Lair:7   | Identified the +7 dagger "Gothruss" {flame, rPois Str+2} (You found it on level 7 of the Lair of Beasts)
 24260 | Lair:7   | Reached skill level 5 in Fighting
 24270 | Lair:7   | Noticed Maud
 24708 | Lair:7   | Reached skill level 5 in Fire Magic
 25143 | Lair:8   | Entered Level 8 of the Lair of Beasts
 25300 | Lair:8   | Reached skill level 5 in Ice Magic
 26876 | Lair:7   | Killed Maud
 27620 | Lair:7   | Your ally Maud died
 28222 | Lair:8   | Found a runed door.
 28222 | Lair:8   | Found a viscous altar of Jiyva.
 28222 | Lair:8   | Found a staircase to the Slime Pits.
 28222 | Lair:8   | Noticed an acid blob
 28222 | Lair:8   | Noticed an acid blob
 28222 | Lair:8   | Noticed an acid blob
 28257 | Lair:8   | Found a runed door.
 28301 | Lair:8   | Offered knowledge of Conjure Ball Lightning by Vehumet.
 28983 | Lair:8   | Found an opulent altar of Gozag.
 29657 | Lair:8   | Reached skill level 5 in Air Magic
 29689 | Lair:8   | Reached XP level 15. HP: 62/82 MP: 32/38
 29976 | Lair:8   | Offered knowledge of Orb of Destruction by Vehumet.
 29985 | Lair:8   | Learned a level 7 spell: Orb of Destruction
 31493 | Orc:1    | Entered Level 1 of the Orcish Mines
 31499 | Orc:1    | Found Fuon's Book Shoppe.
 31610 | Orc:1    | Found Umnoxutu's General Store.
 31618 | Orc:1    | Bought a +2 ring mail of fire resistance for 336 gold pieces
 31659 | Orc:1    | Found Waqaxor's Magic Scroll Shop.
 31669 | Orc:1    | Found Lyakiq's Jewellery Shoppe.
 31700 | Orc:1    | Found a dark tunnel.
 31709 | Volcano  | Entered a volcano
 31966 | Volcano  | Found a bloodstained altar of Trog.
 32639 | Orc:1    | Found Xaoxixis's General Store.
 32947 | Orc:1    | Bought the Reference Book on Combat Magic for 739 gold pieces
 32989 | Orc:1    | Bought a scroll of amnesia for 42 gold pieces
 33109 | Lair:2   | Learned a level 6 spell: Freezing Cloud
 33114 | Lair:2   | Learned a level 4 spell: Sticky Flame
 33827 | Orc:2    | Found a roughly hewn altar of Beogh.
 34230 | Orc:3    | Found a staircase to the Elven Halls.
 34860 | Orc:3    | Offered knowledge of Bolt of Fire by Vehumet.
 34872 | Orc:2    | Learned a level 6 spell: Bolt of Fire
 35201 | Orc:4    | Entered Level 4 of the Orcish Mines
 35354 | Orc:4    | Gained mutation: Your body sometimes deteriorates upon taking damage. [a neqoxec]
 35684 | Orc:1    | Bought an uncursed ring of magical power for 280 gold pieces
 36797 | Orc:4    | Reached skill level 18 in Spellcasting
 36815 | Orc:4    | Found a roughly hewn altar of Beogh.
 37442 | Orc:4    | Found Wuamnouge's Antique Weapon Emporium.
 37453 | Orc:4    | Found Keagal's Jewellery Emporium.
 37461 | Orc:4    | Reached ****** piety under Vehumet
 37466 | Orc:4    | Found Luxkiwuk's Antique Armour Emporium.
 37487 | Orc:4    | Bought a runed cloak for 85 gold pieces
 37487 | Orc:4    | Bought a dyed leather armour for 38 gold pieces
 37589 | Orc:4    | Found Finis's General Store.
 38246 | D:10     | Entered Level 10 of the Dungeon
 38455 | D:10     | Noticed Nergalle
 38480 | D:10     | Killed Nergalle
 38589 | D:10     | Your ally Nergalle died
 38590 | D:10     | Reached skill level 10 in Long Blades
 39770 | D:11     | Offered knowledge of Poisonous Cloud by Vehumet.
 40521 | D:12     | Learned a level 6 spell: Bolt of Cold
 40554 | D:12     | Gained mutation: You can spit weak poison. [potion of mutation]
 40554 | D:12     | Gained mutation: Your magical capacity is low (-10% MP). [potion of mutation]
 40554 | D:12     | Gained mutation: You possess an exceptional clarity of mind. [potion of mutation]
 40741 | Lair:5   | Lost mutation: You possess an exceptional clarity of mind. [potion of cure mutation]
 40741 | Lair:5   | Lost mutation: Your magical capacity is low (-10% MP). [potion of cure mutation]
 40741 | Lair:5   | Lost mutation: Your body sometimes deteriorates upon taking damage. [potion of cure mutation]
 40741 | Lair:5   | Lost mutation: You can spit weak poison. [potion of cure mutation]
 43171 | D:13     | Offered knowledge of Poison Arrow by Vehumet.
 43183 | D:13     | Learned a level 6 spell: Poison Arrow
 43592 | Orc:4    | Bought the amulet of the Four Winds {Clar rN+ MR+++} for 636 gold pieces
 43700 | Orc:1    | Bought a scroll of blinking for 90 gold pieces
 43836 | D:14     | Found a blossoming altar of Fedhas.
 43849 | D:14     | Found a blossoming altar of Fedhas.
 44522 | D:14     | Found a gate to the Vaults.
 44704 | D:15     | Entered Level 15 of the Dungeon
 44711 | D:15     | Reached XP level 16. HP: 83/87 MP: 40/40
 44879 | D:15     | Noticed Kirke
 44887 | D:15     | Killed Kirke
 45097 | D:15     | Noticed Louise
 45112 | D:15     | Your ally Kirke died
 45120 | D:15     | Killed Louise
 45348 | D:15     | Your ally Louise died
 45784 | D:15     | Found a staircase to the Depths.
 46616 | Snake:1  | Entered Level 1 of the Snake Pit
 47010 | Snake:1  | Noticed Nikola
 47023 | Snake:1  | Killed Nikola
 47473 | Snake:1  | Noticed Agnes
 47476 | Snake:1  | Killed Agnes
 47480 | Snake:1  | Noticed Aizul
 47485 | Snake:1  | Killed Aizul
 47676 | Snake:1  | Reached skill level 1 in Staves
 47985 | Snake:2  | Engulfed by a cloud of freezing vapour

Action                   |  1- 3 |  4- 6 |  7- 9 | 10-12 | 13-15 | 16-18 || total
-------------------------+-------+-------+-------+-------+-------+-------++-------
Melee: Dagger            |     2 |       |       |       |    28 |       ||    30
       Short sword       |     8 |     3 |       |       |       |       ||    11
       Long sword        |       |       |     2 |   224 |   689 |    39 ||   954
       Mace              |       |       |     2 |       |       |       ||     2
       Demon trident     |       |       |       |       |    32 |       ||    32
 Fire: Hunting sling     |       |       |     2 |       |       |       ||     2
Throw: Tomahawk          |       |     2 |     3 |    20 |       |       ||    25
       Javelin           |       |       |       |    16 |    42 |       ||    58
 Cast: Magic Dart        |    89 |   193 |   378 |    12 |       |       ||   672
       Repel Missiles    |     1 |       |     2 |     1 |     2 |       ||     6
       Mephitic Cloud    |     2 |    10 |    17 |     9 |    10 |       ||    48
       Blink             |     1 |     1 |     9 |    13 |     4 |       ||    28
       Conjure Flame     |       |       |    14 |    58 |    80 |     9 ||   161
       Searing Ray       |       |       |    27 |    77 |       |       ||   104
       Throw Flame       |       |       |     2 |   104 |       |       ||   106
       Throw Icicle      |       |       |       |   113 |    95 |       ||   208
       Fireball          |       |       |       |    65 |   217 |     6 ||   288
       Apportation       |       |       |       |     5 |       |       ||     5
       Animate Skeleton  |       |       |       |     9 |   187 |    19 ||   215
       Freezing Cloud    |       |       |       |       |   123 |    39 ||   162
       Sticky Flame      |       |       |       |       |    33 |    12 ||    45
       Orb of Destructio |       |       |       |       |    30 |     8 ||    38
       Airstrike         |       |       |       |       |    13 |     7 ||    20
       Poison Arrow      |       |       |       |       |     3 |     7 ||    10
       Bolt of Cold      |       |       |       |       |       |     1 ||     1
Evoke: Wand              |       |       |     2 |     6 |     1 |       ||     9
       Box of beasts     |       |       |       |     2 |       |       ||     2
  Use: Scroll            |     8 |     5 |     6 |     8 |    13 |     1 ||    41
       Potion            |     1 |     7 |     1 |     2 |     5 |       ||    16
 Stab: Confused          |     1 |       |       |     3 |     6 |       ||    10
       Sleeping          |       |     1 |       |     1 |    13 |       ||    15
       Distracted        |       |       |       |     1 |     9 |       ||    10
       Betrayed ally     |       |       |       |       |     1 |       ||     1
  Eat: Chunk             |     2 |     9 |    22 |    38 |    86 |    13 ||   170
       Pizza             |       |     2 |       |       |       |     3 ||     5
       Beef jerky        |       |       |     1 |       |       |     1 ||     2
       Bread ration      |       |       |     1 |       |       |       ||     1
